 Dungeon Crawl Stone Soup version 0.27.1-2-g3b301248ec (webtiles) character file.

Game seed: 17515720391179418828

2643 badgame the Spear-Bearer (level 9, -9/69 (74) HPs)
             Began as a Merfolk Gladiator on Sept 27, 2021.
             Was an Initiate of Hepliaklqana.
             Killed from afar by a steam dragon (16 damage)
             ... with a ball of steam
             ... on level 7 of the Dungeon.
             The game lasted 00:34:03 (9269 turns).

badgame the Spear-Bearer (Merfolk Gladiator)        Turns: 9269, Time: 00:34:04

HP:   -9/69 (74)    AC:  5    Str: 15    XL:     9   Next: 62%
MP:   10/10         EV: 16    Int:  9    God:    Hepliaklqana [......]
Gold: 271           SH:  0    Dex: 16    Spells: 8/8 levels left

rFire    . . .     SeeInvis .   a - +0 trident
rCold    . . .     Faith    .   (no shield)
rNeg     . . .     Spirit   .   b - +0 leather armour
rPois    .         Reflect  .   e - +2 hat
rElec    .         Harm     .   (no cloak)
rCorr    .         Rampage  .   (no gloves)
Will     .....                  (no boots)
Stlth    +.........             (no amulet)
HPRegen  0.21/turn              (no ring)
MPRegen  0.12/turn              (no ring)

@: drained
A: (nimble swimmer 2), mertail
a: Renounce Religion


You were on level 7 of the Dungeon.
You worshipped Hepliaklqana.
Hepliaklqana was noncommittal.
You visited 2 branches of the dungeon, and saw 9 of its levels.
You also visited: Sewer.

You collected 343 gold pieces.
You spent 72 gold pieces at shops.

Inventory:

Hand Weapons
 a - a +0 trident (weapon)
 f - a +0 halberd
 m - a +4 dagger of venom
Missiles
 d - a throwing net
 k - 5 curare-tipped darts (quivered)
 q - 21 poisoned darts
Armour
 b - a +0 leather armour (worn)
 e - a +2 hat (worn)
Jewellery
 h - a ring of flight
 l - an amulet of magic regeneration
 t - a ring of magical power
Wands
 o - a wand of iceblast (7)
Scrolls
 s - a scroll of magic mapping
Potions
 c - a potion of cancellation
 n - a potion of attraction
 p - 3 potions of flight


   Skills:
 + Level 8.0 Fighting
 - Level 10.2 Polearms
 - Level 6.2 Throwing
 + Level 8.6 Dodging
 * Level 1.4 Invocations


You had 8 spell levels left.
You didn't know any spells.
Your spell library contained the following spells:

 Spells                   Type           Power      Damage    Failure   Level
 Passwall                 Tmut/Erth      0%         N/A       58%         2
 Swiftness                Air            0%         N/A       83%         3
 Invisibility             Hex            0%         N/A       100%        6


Dungeon Overview and Level Annotations

Branches:
Dungeon (8/15)             Temple (1/1) D:5           Sewer (visited)
   Lair: D:8-11

Altars:
Ashenzari
Cheibriados
Dithmenos
Elyvilon
Fedhas
Gozag
Hepliaklqana
Kikubaaqudgha
Makhleb
Nemelex Xobeh
Okawaru
Qazlal
Ru
Sif Muna
Trog
Uskayaw
Vehumet
Wu Jian
Xom
Yredelemnul
Zin
The Shining One

Shops:
D:1 [   D:4 ?

Annotations:
D:3 Sigmund


Innate Abilities, Weirdness & Mutations

((You are quick and stealthy near water. (Stealth+, EV+, Speed+++)))
Your lower body shifts to a powerful aquatic tail in water.


Message History

The steam dragon breathes steam at you. The ball of steam misses you.
You hit the steam dragon but do no damage.
The steam dragon is lightly wounded.
You are engulfed in a cloud of scalding steam.
* * * LOW HITPOINT WARNING * * *
The steam dragon bites you.
* * * LOW HITPOINT WARNING * * *
The steam dragon barely misses you.
You hit the steam dragon.
The steam dragon is lightly wounded.
You are engulfed in a cloud of scalding steam.
The steam dragon bites you!
* * * LOW HITPOINT WARNING * * *
The steam dragon closely misses you.
Okay, then.
You hit the steam dragon.
The steam dragon is lightly wounded.
An orc comes into view. It is wielding a +0 club.
Really walk into that cloud of steam?
Okay, then.
Okay, then.
Okay, then.
As you read the scroll labelled CIYRIE DISENK, it crumbles to dust.
It is a scroll of enchant armour.
Your +1 hat glows green for a moment.
The steam dragon bites you but does no damage.
The steam dragon completely misses you.
Blink to where?
Press: ? - help, Dir - move target
Found 4 boomerangs.
As you read the scroll labelled JOSHRE ZOMP, it crumbles to dust.
It was a scroll of blinking.
The steam dragon breathes steam at you. The ball of steam misses you.
Found a glowing mace and a helmet.
Unknown command.
The steam dragon breathes steam at you. The ball of steam hits you!
You die...

..##^#..# #.# #.##
.z# ... # ######.#
#[.. ..# #..
#S>D.S###.) ..#
..###.####D#.#
..................#
..[.......o....(.##
####$##..##.####§#
.##.. #. #§# ... ..
#@# .# #. #..#
..... #####.# ...
#.. #.# .#


There were no monsters in sight!

Vanquished Creatures
  A cyclops (D:6)
  Prince Ribbit (D:5)
  2 water moccasins (D:7)
  An orc warrior (D:6)
  An ice beast (D:5)
  A necrophage (D:6)
  A sky beast (D:5)
  2 ogres (D:5)
  2 black bears (D:5)
  A phantom (D:5)
  3 kobold brigands
  A scorpion (D:5)
  A wyvern skeleton (D:7)
  5 wights (D:7)
  A jelly (D:4)
  A centaur zombie (D:7)
  2 hounds
  2 bullfrog skeletons
  3 orc priests
  3 iguanas
  7 gnolls
  4 adders
  A shadow imp (D:6)
  A white imp (D:7)
  A worm (D:5)
  2 dart slugs
  10 orcs
  6 ball pythons
  3 bats
  8 endoplasms
  2 giant cockroaches
  3 goblins
  5 hobgoblins
  A jackal (Sewer)
  14 kobolds
  9 rats
112 creatures vanquished.

Vanquished Creatures (others)
  A phantom (D:5)
1 creature vanquished.

Grand Total: 113 creatures vanquished

Notes
Turn   | Place    | Note
-------+----------+-------------------------------------------
     0 | D:1      | badgame the Merfolk Gladiator began the quest for the Orb.
     0 | D:1      | Reached XP level 1. HP: 16/16 MP: 1/1
    29 | D:1      | Found Jexoahud's Armour Emporium.
   142 | D:1      | You fall into a shaft and drop 1 floor!
   193 | D:2      | Reached skill level 5 in Polearms
   193 | D:2      | Reached XP level 2. HP: 22/22 MP: 2/2
   580 | D:1      | Reached skill level 6 in Polearms
   580 | D:1      | Reached XP level 3. HP: 12/27 MP: 3/3
  1067 | D:2      | Reached skill level 7 in Polearms
  1067 | D:2      | Reached XP level 4. HP: 19/33 MP: 4/4
  1331 | D:2      | Found a faded altar of an unknown god.
  2108 | D:3      | Noticed Sigmund
  2321 | D:4      | Found Ceog's Magic Scroll Shoppe.
  2327 | D:4      | Bought a scroll of identify for 24 gold pieces
  2327 | D:4      | Bought a scroll of teleportation for 36 gold pieces
  2474 | D:4      | Reached skill level 8 in Polearms
  2474 | D:4      | Reached XP level 5. HP: 23/38 MP: 5/5
  2663 | D:4      | Reached skill level 9 in Polearms
  2993 | D:4      | Noticed a kobold brigand
  3004 | D:4      | Noticed a kobold brigand
  3016 | D:4      | Killed a kobold brigand
  3017 | D:4      | Reached XP level 6. HP: 21/44 MP: 6/6
  3025 | D:4      | Reached skill level 10 in Polearms
  3686 | D:4      | Bought a scroll of noise for 12 gold pieces
  4094 | D:5      | Entered Level 5 of the Dungeon
  4096 | D:5      | Noticed a black bear
  4103 | D:5      | Killed a black bear
  4104 | D:5      | Reached XP level 7. HP: 52/52 MP: 7/7
  4107 | D:5      | Found a glowing drain.
  4139 | Sewer    | Entered a sewer
  4525 | Sewer    | Found a white marble altar of Elyvilon.
  4581 | D:5      | Reached skill level 5 in Dodging
  5206 | D:5      | Reached skill level 5 in Fighting
  5206 | D:5      | Reached XP level 8. HP: 29/62 MP: 8/8
  5209 | D:5      | Identified the +1 robe of Spite {*Slow rC+ Str+2}
  5519 | D:5      | Found an iron altar of Okawaru.
  5877 | D:5      | Found a staircase to the Ecumenical Temple.
  5886 | Temple   | Entered the Ecumenical Temple
  5963 | Temple   | Became a worshipper of Hepliaklqana the Forgotten
  6641 | D:5      | Noticed Prince Ribbit
  6651 | D:5      | Killed Prince Ribbit
  6874 | D:6      | Found a burning altar of Makhleb.
  7318 | D:6      | Reached skill level 5 in Throwing
  7318 | D:6      | Reached XP level 9. HP: 69/71 MP: 9/9
  7477 | D:6      | Noticed a cyclops
  7492 | D:6      | Killed a cyclops
  9176 | D:7      | Reached skill level 1 in Invocations
  9269 | D:7      | Killed from afar by a steam dragon

Illustrated notes

Levels and vault maps discovered:
D:1:      dpeg_arrival_tiny_k, layout_basic, serial_shops,
          nicolae_shop_statue_plus, minmay_octomino_c4
D:2:      layout_loops_ring, ebering_ecumenical_altar_petrified
D:3:      layout_basic, uniq_sigmund
D:4:      cheibrodos_thug_alley, layout_basic, serial_shops, shop,
          minmay_misc_feat_nine_boxes
D:5:      layout_basic, lemuel_doored_altar, lemuel_temple_firewalk_b,
          cheibrodos_sewer_entry_drain, uniq_prince_ribbit1
D:6:      layout_basic, kennysheep_flooded_box, minmay_manual_macuahuitl
D:7:      layout_loops_ring, hellmonk_bongcloud_opening,
          chequers_serial_rivers_small_3, uniq_menkaure
D:8:      kennysheep_housing_project, layout_basic, uniq_maggie
Temple:   nicolae_temple_the_god_donut

Skill      XL: |  1  2  3  4  5  6  7  8  9 |
---------------+----------------------------+-----
Polearms       | 5 6 7 8 9 10 | 10.2
Fighting       | 3 5 6 8 |  8.0
Dodging        | 6 7 8 |  8.6
Throwing       | 5 6 |  6.2
Invocations    | 1 |  1.4

Action                   |  1- 3 |  4- 6 |  7- 9 || total
-------------------------+-------+-------+-------++-------
Melee: Trident           |    52 |   140 |   323 ||   515
       Tailslap          |       |       |     1 ||     1
Throw: Throwing net      |     2 |     1 |       ||     3
       Boomerang         |       |     3 |       ||     3
       Dart              |       |     1 |    53 ||    54
Evoke: Wand              |       |       |     2 ||     2
  Use: Scroll            |     3 |     3 |     5 ||    11
       Potion            |     1 |     1 |     5 ||     7
 Stab: Sleeping          |     1 |     1 |       ||     2
       Held in net/web   |     2 |       |       ||     2
Armor: Leather armour    |     4 |    23 |    36 ||    63
Dodge: Dodged            |    22 |    81 |   169 ||   272
